 Dungeon Crawl Stone Soup version 0.28-a0-1080-g05a166d0ed (console) character file.

Game seed: 834605339580428709

5168 jejorda2 the Basher (level 10, -9/123 HPs)
             Began as a Gnoll Berserker on Dec 9, 2021.
             Was an Elder of Trog.
             Mangled by a red ugly thing (10 damage)
             ... on level 8 of the Dungeon.
             The game lasted 00:17:25 (7768 turns).

jejorda2 the Basher (Gnoll Berserker)               Turns: 7768, Time: 00:17:25

Health: -9/123     AC: 14    Str: 20    XL:     10   Next: 59%
Magic:  18/18      EV:  9    Int:  7    God:    Trog [****..]
Gold:   456        SH:  0    Dex: 18    Spells: 19/19 levels left

rFire   . . .      SeeInvis .   a - +1 dagger (elec)
rCold   . . .      Faith    +   (no shield)
rNeg    . . .      Spirit   .   y - +0 plate armour
rPois   .          Reflect  .   z - +0 helmet
rElec   .          Harm     .   (no cloak)
rCorr   +          Rampage  .   F - +0 pair of gloves
Will    .....                   p - +1 pair of boots
Stlth   ..........              w - amulet of faith
HPRegen 0.30/turn               h - +6 ring of dexterity
MPRegen 0.16/turn               l - ring of resist corrosion

@: berserking (expiring), corroded, very quick
A: fangs 1, strong nose, distributed training
a: Renounce Religion, Berserk, Trog's Hand, Brothers in Arms


You were on level 8 of the Dungeon.
You worshipped Trog.
Trog was greatly pleased with you.
You visited 1 branch of the dungeon, and saw 8 of its levels.
You also visited: Sewer.

You collected 476 gold pieces.
You spent 20 gold pieces at shops.

Inventory:

Hand Weapons
 a - a +1 dagger of electrocution (weapon)
 b - a +0 vorpal flail
 B - a +2 short sword of electrocution
Missiles
 j - 33 sling bullets
 k - 80 bolts
 m - 183 stones
 n - 3 boomerangs
 A - 25 poisoned darts (quivered)
 I - 4 silver javelins
 J - 2 javelins
Armour
 c - a +0 chain mail
 d - the +1 scale mail of Ymop {rC+ Int+3}
   (You found it on level 5 of the Dungeon)

   Int:       It affects your intelligence (+3).
   rC:        It protects you from cold.
 g - a +0 ring mail of poison resistance
 p - a +1 pair of boots (worn)
 y - a +0 plate armour (worn)
 z - a +0 helmet (worn)
 F - a +0 pair of gloves (worn)
Jewellery
 h - a +6 ring of dexterity (left hand)
 l - a ring of resist corrosion (right hand)
 w - an amulet of faith (around neck)
Wands
 v - a wand of flame (7)
 E - a wand of iceblast (7)
Scrolls
 r - a scroll of torment
 u - a scroll of magic mapping
 D - 2 scrolls of teleportation
 G - a scroll of summoning
Potions
 e - 2 potions of lignification {unknown}
 f - 2 potions of might
 i - 2 potions of flight {unknown}
 o - 6 potions of curing
 q - 2 potions of mutation {unknown}
 s - a potion of brilliance {unknown}
 t - a potion of invisibility {unknown}
 x - a potion of magic {unknown}
 C - a potion of heal wounds {unknown}
 H - a potion of attraction {unknown}


   Skills:
 + Level 8.6 Fighting
 + Level 5.4 Short Blades
 + Level 5.4 Long Blades
 + Level 5.4 Axes
 + Level 8.6 Maces & Flails
 + Level 5.4 Polearms
 + Level 5.4 Staves
 + Level 5.4 Slings
 + Level 5.4 Bows
 + Level 5.4 Crossbows
 + Level 5.4 Throwing
 + Level 7.2 Armour
 + Level 7.2 Dodging
 + Level 5.4 Stealth
 + Level 5.4 Shields
 + Level 5.4 Unarmed Combat
 + Level 5.4 Spellcasting
 + Level 4.4 Conjurations
 + Level 4.4 Hexes
 + Level 4.4 Summonings
 + Level 4.4 Necromancy
 + Level 4.4 Translocations
 + Level 4.4 Transmutations
 + Level 4.4 Fire Magic
 + Level 4.4 Ice Magic
 + Level 4.4 Air Magic
 + Level 4.4 Earth Magic
 + Level 4.4 Poison Magic
 + Level 6.0 Invocations
 + Level 5.4 Evocations


You had 19 spell levels left.
You didn't know any spells.
Your spell library was empty.

Dungeon Overview and Level Annotations

Branches:
Dungeon (8/15)             Temple (0/1) D:5           Sewer (visited)
   Lair: D:8-11

Altars:
Ashenzari
Gozag
Qazlal
Uskayaw
Vehumet
Yredelemnul
The Shining One

Shops:
D:4 *

Annotations:
D:4 3 runed translucent doors, DarkBird's ghost, amateur DrTm


Innate Abilities, Weirdness & Mutations

You have very sharp teeth.
Your uncanny sense of smell can sniff out nearby items.
Your experience applies equally to all skills.


Message History

The acid dragon is severely wounded.
The howler monkey hoots and howls with incredible vigour!
The acid dragon bites you but does no damage.
The acid dragon claws you but does no damage.
The red ugly thing pecks you!
You are engulfed in flames!
The salamander hits you but does no damage.
You hear an angry hiss. x2; You hear a shout!
You hit the acid dragon. You bite the acid dragon!
You kill the acid dragon!
Trog accepts your kill.
The acid dragon scales are intact enough to wear.
You closely miss the howler monkey.
The salamander changes into a spriggan!
The red ugly thing pecks you but does no damage.
You puncture the howler monkey! Your bite misses the howler monkey.
The howler monkey is severely wounded.
The howler monkey hoots and howls with incredible vigour!
You hear a shout! x3
You puncture the howler monkey!
You kill the howler monkey!
Trog accepts your kill. The spriggan misses you.
Your Invocations skill increases to level 6!
Items here: [ ††.
You barely miss the red ugly thing. Your bite misses the red ugly thing.
You hit the red ugly thing.
The red ugly thing is lightly wounded.
The red ugly thing pecks you.
You are engulfed in flames!!
* * * LOW HITPOINT WARNING * * *
You closely miss the red ugly thing.
The red ugly thing is lightly wounded.
The red ugly thing pecks you!
* * * LOW HITPOINT WARNING * * *
You are engulfed in flames!
* * * LOW HITPOINT WARNING * * *
You puncture the red ugly thing!
The red ugly thing is lightly wounded.
You hit the red ugly thing.
The red ugly thing is lightly wounded.
The red ugly thing pecks you!
You die...

## ∆ ∆ # #
#####+#####
#).##.##.)#
∆
#.@#...#..#
###u.#.)###
##..###..##
+..## ##..+
##..###..##
##.[#..###
#...#..# ∆
##.##))#
#####'#####


You could see a red ugly thing.

Vanquished Creatures
  A deep elf pyromancer (D:8)
  2 ugly things (D:8)
  Grinder (D:3)
  Prince Ribbit (D:5)
  A human (D:6)
  Eustachio (D:5)
  Menkaure (D:6)
  An acid dragon (D:8)
  2 black bears
  Pargi (Sewer)
  An ice beast (D:7)
  2 orc warriors
  A sky beast (D:5)
  A necrophage (D:7)
  2 ogres
  2 phantoms
  A bullfrog (D:7)
  A gnoll sergeant (D:5)
  2 scorpions
  A water moccasin skeleton (D:6)
  12 wights
  A howler monkey (D:8)
  3 centaur zombies
  2 bullfrog zombies (D:6)
  3 hounds (D:5)
  A human zombie (D:6)
  2 jellies
  3 iguanas
  4 orc wizards
  A hound zombie (D:5)
  7 gnolls
  8 adders
  2 river rats (D:6)
  A white imp (D:7)
  An adder skeleton (D:4)
  2 worms
  3 dart slugs
  17 orcs
  6 bats
  7 endoplasms
  5 giant cockroaches
  7 goblins
  4 hobgoblins
  2 jackals (D:1)
  6 kobolds
  4 quokkas
  3 ball pythons
  A ball python skeleton (D:3)
  8 frilled lizards
  4 rats
156 creatures vanquished.

Notes
Turn   | Place    | Note
-------+----------+-------------------------------------------
     0 | D:1      | jejorda2 the Gnoll Berserker began the quest for the Orb.
     0 | D:1      | Reached XP level 1. HP: 23/23 MP: 1/1
   100 | D:1      | Reached XP level 2. HP: 29/29 MP: 2/2
   412 | D:1      | Reached XP level 3. HP: 32/35 MP: 3/3
   470 | D:1      | Found a faded altar of an unknown god.
   722 | D:2      | Reached skill level 1 in Invocations
   828 | D:2      | Reached ** piety under Trog
   931 | D:2      | Reached skill level 1 in Short Blades
   931 | D:2      | Reached skill level 1 in Long Blades
   931 | D:2      | Reached skill level 1 in Axes
   931 | D:2      | Reached skill level 1 in Polearms
   931 | D:2      | Reached skill level 1 in Staves
   931 | D:2      | Reached skill level 1 in Slings
   931 | D:2      | Reached skill level 1 in Bows
   931 | D:2      | Reached skill level 1 in Crossbows
   931 | D:2      | Reached skill level 1 in Throwing
   931 | D:2      | Reached skill level 1 in Stealth
   931 | D:2      | Reached skill level 1 in Shields
   931 | D:2      | Reached skill level 1 in Unarmed Combat
   931 | D:2      | Reached skill level 1 in Spellcasting
   931 | D:2      | Reached skill level 1 in Evocations
  1204 | D:2      | Reached XP level 4. HP: 40/41 MP: 5/5
  1476 | D:3      | Found a hide-covered altar of Uskayaw.
  1476 | D:3      | Noticed a +0 short sword
  1476 | D:3      | Noticed a +0 falchion
  1476 | D:3      | Noticed a +0 falchion
  1477 | D:3      | Noticed a +0 spear
  1477 | D:3      | Noticed a +0 short sword
  1478 | D:3      | Noticed a +0 dagger
  1479 | D:3      | Noticed a +0 spear
  1480 | D:3      | Noticed a +0 dagger
  1528 | D:3      | Noticed Grinder
  1568 | D:3      | Killed Grinder
  1569 | D:3      | Reached skill level 1 in Conjurations
  1569 | D:3      | Reached skill level 1 in Hexes
  1569 | D:3      | Reached skill level 1 in Summonings
  1569 | D:3      | Reached skill level 1 in Necromancy
  1569 | D:3      | Reached skill level 1 in Translocations
  1569 | D:3      | Reached skill level 1 in Transmutations
  1569 | D:3      | Reached skill level 1 in Fire Magic
  1569 | D:3      | Reached skill level 1 in Ice Magic
  1569 | D:3      | Reached skill level 1 in Air Magic
  1569 | D:3      | Reached skill level 1 in Earth Magic
  1569 | D:3      | Reached skill level 1 in Poison Magic
  1569 | D:3      | Reached XP level 5. HP: 22/47 MP: 5/7
  1569 | D:3      | Reached XP level 6. HP: 25/53 MP: 5/8
  2070 | D:3      | Reached skill level 5 in Armour
  2070 | D:3      | Reached skill level 5 in Dodging
  2447 | D:4      | Found an opulent altar of Gozag.
  2543 | D:4      | Found Nany's Assorted Antiques.
  2546 | D:4      | Bought a brown potion for 20 gold pieces
  2599 | D:4      | Found a runed translucent gate.
  2599 | D:4      | Found a runed translucent gate.
  2599 | D:4      | Found a runed translucent gate.
  2600 | D:4      | Noticed DarkBird's ghost (amateur DrTm)
  2857 | D:4      | Found a radiant altar of Vehumet.
  2857 | D:4      | Found a glowing golden altar of the Shining One.
  3043 | D:5      | Entered Level 5 of the Dungeon
  3286 | D:5      | Reached XP level 7. HP: 59/59 MP: 10/10
  3339 | D:5      | Noticed Prince Ribbit
  3351 | D:5      | Killed Prince Ribbit
  3435 | D:5      | Reached *** piety under Trog
  3529 | D:5      | Reached XP level 8. HP: 58/67 MP: 12/12
  3610 | D:5      | Identified the +1 scale mail of Ymop {rC+ Int+3}
  3752 | D:5      | Found a staircase to the Ecumenical Temple.
  3925 | D:5      | Noticed Eustachio
  3931 | D:5      | Killed Eustachio
  4043 | D:5      | Found a stormy altar of Qazlal.
  4207 | D:6      | Reached XP level 9. HP: 36/73 MP: 13/15
  4218 | D:6      | Found a glowing drain.
  4242 | Sewer    | Entered a sewer
  4453 | Sewer    | Noticed Pargi
  4458 | Sewer    | Killed Pargi
  5147 | D:6      | Noticed Menkaure
  5154 | D:6      | Killed Menkaure
  5480 | D:6      | Found a runed translucent door.
  5490 | D:6      | Reached **** piety under Trog
  5492 | D:6      | Found a basalt altar of Yredelemnul.
  5504 | D:6      | Reached skill level 5 in Invocations
  6407 | D:7      | Reached XP level 10. HP: 78/80 MP: 17/17
  7036 | D:8      | Found a broken altar of Ashenzari.
  7192 | D:8      | Reached skill level 5 in Short Blades
  7192 | D:8      | Reached skill level 5 in Long Blades
  7192 | D:8      | Reached skill level 5 in Axes
  7192 | D:8      | Reached skill level 5 in Polearms
  7192 | D:8      | Reached skill level 5 in Staves
  7192 | D:8      | Reached skill level 5 in Slings
  7192 | D:8      | Reached skill level 5 in Bows
  7192 | D:8      | Reached skill level 5 in Crossbows
  7192 | D:8      | Reached skill level 5 in Throwing
  7192 | D:8      | Reached skill level 5 in Stealth
  7192 | D:8      | Reached skill level 5 in Shields
  7192 | D:8      | Reached skill level 5 in Unarmed Combat
  7192 | D:8      | Reached skill level 5 in Spellcasting
  7192 | D:8      | Reached skill level 5 in Evocations
  7582 | D:8      | Noticed a purple ugly thing
  7598 | D:8      | Killed a purple ugly thing
  7681 | D:8      | Noticed a cyan ugly thing
  7685 | D:8      | Noticed a deep elf pyromancer
  7688 | D:8      | Killed a cyan ugly thing
  7694 | D:8      | Killed a deep elf pyromancer
  7749 | D:8      | Noticed a red ugly thing
  7752 | D:8      | Noticed a salamander
  7760 | D:8      | a salamander changed into a spriggan
  7766 | D:8      | HP: 1/123 [red ugly thing (13)]
  7768 | D:8      | Mangled by a red ugly thing

Illustrated notes

Levels and vault maps discovered:
D:1:      minmay_arrival_diagonal_passages, layout_rooms, basic_ecumenical_altar
D:2:      layout_rooms
D:3:      layout_basic, nicolae_uskayaw_en_pointe, grunt_decor_junction,
          minmay_puff, uniq_grinder
D:4:      layout_rooms, amethyst_overflow_temple_binary,
          mainiacjoe_overflow_tiny_flanked, serial_shops, kennysheep_mini_moat,
          gammafunk_ghost_necromancy
D:5:      layout_cave_pools, mainiacjoe_overflow_alcove_2,
          minmay_temple_entry_gardened_gates, uniq_eustachio,
          uniq_prince_ribbit1
D:6:      layout_layer_cave, dk_yredelemnul_ordeal,
          cheibrodos_sewer_entry_sluice, hangedman_decor_diamond_cutter,
          uniq_menkaure
D:7:      layout_loops_corners
D:8:      minmay_the_grid_plus_closed [minmay_the_grid_armoury,
          minmay_the_grid_fan, minmay_the_grid_all_tris,
          minmay_the_grid_square_x,
          minmay_the_grid_prize_four_corners_diamond_a], layout_gridville,
          old_standard_altar, minitemple, uniq_maurice, uniq_pikel

Skill      XL: |  1  2  3  4  5  6  7  8  9 10 |
---------------+-------------------------------+-----
Invocations    | 1 2 3 4 5 6 |  6.0
Short Blades   | 1 2 4 5 |  5.4
Long Blades    | 1 2 4 5 |  5.4
Axes           | 1 2 4 5 |  5.4
Polearms       | 1 2 4 5 |  5.4
Staves         | 1 2 4 5 |  5.4
Slings         | 1 2 4 5 |  5.4
Bows           | 1 2 4 5 |  5.4
Crossbows      | 1 2 4 5 |  5.4
Throwing       | 1 2 4 5 |  5.4
Stealth        | 1 2 4 5 |  5.4
Shields        | 1 2 4 5 |  5.4
Unarmed Combat | 1 2 4 5 |  5.4
Spellcasting   | 1 2 4 5 |  5.4
Evocations     | 1 2 4 5 |  5.4
Conjurations   | 1 2 3 4 |  4.4
Hexes          | 1 2 3 4 |  4.4
Summonings     | 1 2 3 4 |  4.4
Necromancy     | 1 2 3 4 |  4.4
Translocations | 1 2 3 4 |  4.4
Transmutations | 1 2 3 4 |  4.4
Fire Magic     | 1 2 3 4 |  4.4
Ice Magic      | 1 2 3 4 |  4.4
Air Magic      | 1 2 3 4 |  4.4
Earth Magic    | 1 2 3 4 |  4.4
Poison Magic   | 1 2 3 4 |  4.4
Armour         | 5 6 7 |  7.2
Dodging        | 5 6 7 |  7.2
Fighting       | 7 8 |  8.6
Maces & Flails | 7 8 |  8.6

Action                   |  1- 3 |  4- 6 |  7- 9 | 10-12 || total
-------------------------+-------+-------+-------+-------++-------
Melee: Mace              |    71 |       |       |       ||    71
       Bite              |    10 |    14 |    37 |    23 ||    84
       Short sword       |    37 |   106 |   249 |    19 ||   411
       Punch             |       |     2 |     7 |     2 ||    11
       Flail             |       |       |    16 |     6 ||    22
       Unarmed           |       |       |     1 |       ||     1
       Dagger            |       |       |       |   102 ||   102
Throw: Stone             |       |       |    10 |       ||    10
       Dart              |       |       |     3 |       ||     3
Invok: Berserk           |     1 |     2 |     6 |     4 ||    13
       Trog's Hand       |       |     2 |     2 |       ||     4
  Use: Scroll            |       |     9 |     6 |     1 ||    16
Armor: Chain mail        |    49 |    57 |   100 |       ||   206
       Plate armour      |       |       |    43 |    51 ||    94
Dodge: Dodged            |    51 |    63 |   121 |    21 ||   256

Table legend: (Time is in decaauts)
 A = Elapsed time spent in this place.
 B = Non-inter-level travel time spent in this place.
 C = Inter-level travel time spent in this place.
 D = Time resting spent in this place.
 E = Time spent auto-exploring this place.
 F = Levels seen in this place.
 G = Mean time per level.
                   A        B        C        D        E       F      G
               +--------+--------+--------+--------+--------+-----+--------+
         Total |   7827 |   7360 |    467 |    778 |   5283 |   9 |  869.7 |
       Dungeon |   7444 |   6977 |    467 |    709 |   5044 |   8 |  930.5 |
         Sewer |    383 |    383 |      0 |     69 |    239 |   1 |  383.0 |
               +--------+--------+--------+--------+--------+-----+--------+

Top non-repeatable levels by time:
     D:6: 1490 daAuts
     D:3: 1051 daAuts
     D:7: 979 daAuts
     D:4: 936 daAuts
     D:5: 923 daAuts
     D:8: 741 daAuts
     D:1: 675 daAuts
     D:2: 646 daAuts
   Sewer: 383 daAuts
